%YAML 1.1
%TAG !u! tag:unity3d.com,2011:
--- !u!1 &460648817398486800
GameObject:
  m_ObjectHideFlags: 0
  m_CorrespondingSourceObject: {fileID: 0}
  m_PrefabInstance: {fileID: 0}
  m_PrefabAsset: {fileID: 0}
  serializedVersion: 6
  m_Component:
  - component: {fileID: 881873550062405800}
  - component: {fileID: 7702146867297847967}
  - component: {fileID: 5021199619450335078}
  m_Layer: 5
  m_Name: Viewport
  m_TagString: Untagged
  m_Icon: {fileID: 0}
  m_NavMeshLayer: 0
  m_StaticEditorFlags: 0
  m_IsActive: 1
--- !u!224 &881873550062405800
RectTransform:
  m_ObjectHideFlags: 0
  m_CorrespondingSourceObject: {fileID: 0}
  m_PrefabInstance: {fileID: 0}
  m_PrefabAsset: {fileID: 0}
  m_GameObject: {fileID: 460648817398486800}
  m_LocalRotation: {x: -0, y: -0, z: -0, w: 1}
  m_LocalPosition: {x: 0, y: 0, z: 0}
  m_LocalScale: {x: 1, y: 1, z: 1}
  m_ConstrainProportionsScale: 0
  m_Children:
  - {fileID: 4804737858831113804}
  m_Father: {fileID: 3129217390960810631}
  m_RootOrder: 0
  m_LocalEulerAnglesHint: {x: 0, y: 0, z: 0}
  m_AnchorMin: {x: 0, y: 0}
  m_AnchorMax: {x: 1, y: 1}
  m_AnchoredPosition: {x: 0, y: 0}
  m_SizeDelta: {x: 0, y: 0}
  m_Pivot: {x: 0, y: 1}
--- !u!222 &7702146867297847967
CanvasRenderer:
  m_ObjectHideFlags: 0
  m_CorrespondingSourceObject: {fileID: 0}
  m_PrefabInstance: {fileID: 0}
  m_PrefabAsset: {fileID: 0}
  m_GameObject: {fileID: 460648817398486800}
  m_CullTransparentMesh: 1
--- !u!114 &5021199619450335078
MonoBehaviour:
  m_ObjectHideFlags: 0
  m_CorrespondingSourceObject: {fileID: 0}
  m_PrefabInstance: {fileID: 0}
  m_PrefabAsset: {fileID: 0}
  m_GameObject: {fileID: 460648817398486800}
  m_Enabled: 1
  m_EditorHideFlags: 0
  m_Script: {fileID: 11500000, guid: 3312d7739989d2b4e91e6319e9a96d76, type: 3}
  m_Name: 
  m_EditorClassIdentifier: 
  m_Padding: {x: 5, y: 0, z: 5, w: 0}
  m_Softness: {x: 100, y: 0}
--- !u!1 &3835821157635507560
GameObject:
  m_ObjectHideFlags: 0
  m_CorrespondingSourceObject: {fileID: 0}
  m_PrefabInstance: {fileID: 0}
  m_PrefabAsset: {fileID: 0}
  serializedVersion: 6
  m_Component:
  - component: {fileID: 3129217390960810631}
  - component: {fileID: 3205307979215600637}
  - component: {fileID: 1384596876890276622}
  m_Layer: 5
  m_Name: PhasesScrollView
  m_TagString: Untagged
  m_Icon: {fileID: 0}
  m_NavMeshLayer: 0
  m_StaticEditorFlags: 0
  m_IsActive: 1
--- !u!224 &3129217390960810631
RectTransform:
  m_ObjectHideFlags: 0
  m_CorrespondingSourceObject: {fileID: 0}
  m_PrefabInstance: {fileID: 0}
  m_PrefabAsset: {fileID: 0}
  m_GameObject: {fileID: 3835821157635507560}
  m_LocalRotation: {x: 0, y: 0, z: 0, w: 1}
  m_LocalPosition: {x: 0, y: 0, z: 0}
  m_LocalScale: {x: 1, y: 1, z: 1}
  m_ConstrainProportionsScale: 0
  m_Children:
  - {fileID: 881873550062405800}
  m_Father: {fileID: 8547377976184311570}
  m_RootOrder: 2
  m_LocalEulerAnglesHint: {x: 0, y: 0, z: 0}
  m_AnchorMin: {x: 0, y: 0.5}
  m_AnchorMax: {x: 1, y: 0.5}
  m_AnchoredPosition: {x: 0, y: 68}
  m_SizeDelta: {x: 0, y: 648}
  m_Pivot: {x: 0.5, y: 0.5}
--- !u!222 &3205307979215600637
CanvasRenderer:
  m_ObjectHideFlags: 0
  m_CorrespondingSourceObject: {fileID: 0}
  m_PrefabInstance: {fileID: 0}
  m_PrefabAsset: {fileID: 0}
  m_GameObject: {fileID: 3835821157635507560}
  m_CullTransparentMesh: 1
--- !u!114 &1384596876890276622
MonoBehaviour:
  m_ObjectHideFlags: 0
  m_CorrespondingSourceObject: {fileID: 0}
  m_PrefabInstance: {fileID: 0}
  m_PrefabAsset: {fileID: 0}
  m_GameObject: {fileID: 3835821157635507560}
  m_Enabled: 1
  m_EditorHideFlags: 0
  m_Script: {fileID: 11500000, guid: 1aa08ab6e0800fa44ae55d278d1423e3, type: 3}
  m_Name: 
  m_EditorClassIdentifier: 
  m_Content: {fileID: 4804737858831113804}
  m_Horizontal: 1
  m_Vertical: 0
  m_MovementType: 2
  m_Elasticity: 0.1
  m_Inertia: 1
  m_DecelerationRate: 0.135
  m_ScrollSensitivity: 1
  m_Viewport: {fileID: 881873550062405800}
  m_HorizontalScrollbar: {fileID: 0}
  m_VerticalScrollbar: {fileID: 0}
  m_HorizontalScrollbarVisibility: 2
  m_VerticalScrollbarVisibility: 2
  m_HorizontalScrollbarSpacing: -3
  m_VerticalScrollbarSpacing: -3
  m_OnValueChanged:
    m_PersistentCalls:
      m_Calls: []
--- !u!1 &3860512670428084328
GameObject:
  m_ObjectHideFlags: 0
  m_CorrespondingSourceObject: {fileID: 0}
  m_PrefabInstance: {fileID: 0}
  m_PrefabAsset: {fileID: 0}
  serializedVersion: 6
  m_Component:
  - component: {fileID: 2600569351910961299}
  - component: {fileID: 4398254096738308861}
  - component: {fileID: 6329133053406168507}
  m_Layer: 5
  m_Name: Background
  m_TagString: Untagged
  m_Icon: {fileID: 0}
  m_NavMeshLayer: 0
  m_StaticEditorFlags: 0
  m_IsActive: 1
--- !u!224 &2600569351910961299
RectTransform:
  m_ObjectHideFlags: 0
  m_CorrespondingSourceObject: {fileID: 0}
  m_PrefabInstance: {fileID: 0}
  m_PrefabAsset: {fileID: 0}
  m_GameObject: {fileID: 3860512670428084328}
  m_LocalRotation: {x: 0, y: 0, z: 0, w: 1}
  m_LocalPosition: {x: 0, y: 0, z: 0}
  m_LocalScale: {x: 1, y: 1, z: 1}
  m_ConstrainProportionsScale: 0
  m_Children: []
  m_Father: {fileID: 8547377976184311570}
  m_RootOrder: 0
  m_LocalEulerAnglesHint: {x: 0, y: 0, z: 0}
  m_AnchorMin: {x: 0, y: 0}
  m_AnchorMax: {x: 1, y: 1}
  m_AnchoredPosition: {x: 0, y: 0}
  m_SizeDelta: {x: 0, y: 0}
  m_Pivot: {x: 0.5, y: 0.5}
--- !u!222 &4398254096738308861
CanvasRenderer:
  m_ObjectHideFlags: 0
  m_CorrespondingSourceObject: {fileID: 0}
  m_PrefabInstance: {fileID: 0}
  m_PrefabAsset: {fileID: 0}
  m_GameObject: {fileID: 3860512670428084328}
  m_CullTransparentMesh: 1
--- !u!114 &6329133053406168507
MonoBehaviour:
  m_ObjectHideFlags: 0
  m_CorrespondingSourceObject: {fileID: 0}
  m_PrefabInstance: {fileID: 0}
  m_PrefabAsset: {fileID: 0}
  m_GameObject: {fileID: 3860512670428084328}
  m_Enabled: 1
  m_EditorHideFlags: 0
  m_Script: {fileID: 11500000, guid: fe87c0e1cc204ed48ad3b37840f39efc, type: 3}
  m_Name: 
  m_EditorClassIdentifier: 
  m_Material: {fileID: 0}
  m_Color: {r: 1, g: 1, b: 1, a: 1}
  m_RaycastTarget: 1
  m_RaycastPadding: {x: 0, y: 0, z: 0, w: 0}
  m_Maskable: 1
  m_OnCullStateChanged:
    m_PersistentCalls:
      m_Calls: []
  m_Sprite: {fileID: 21300000, guid: 8821169d2b590034687a44283fdb7f95, type: 3}
  m_Type: 0
  m_PreserveAspect: 0
  m_FillCenter: 1
  m_FillMethod: 4
  m_FillAmount: 1
  m_FillClockwise: 1
  m_FillOrigin: 0
  m_UseSpriteMesh: 0
  m_PixelsPerUnitMultiplier: 1
--- !u!1 &3981639633390018793
GameObject:
  m_ObjectHideFlags: 0
  m_CorrespondingSourceObject: {fileID: 0}
  m_PrefabInstance: {fileID: 0}
  m_PrefabAsset: {fileID: 0}
  serializedVersion: 6
  m_Component:
  - component: {fileID: 6752478828493476189}
  - component: {fileID: 6902291299133062437}
  - component: {fileID: 3215861600387189798}
  m_Layer: 5
  m_Name: Viewport
  m_TagString: Untagged
  m_Icon: {fileID: 0}
  m_NavMeshLayer: 0
  m_StaticEditorFlags: 0
  m_IsActive: 1
--- !u!224 &6752478828493476189
RectTransform:
  m_ObjectHideFlags: 0
  m_CorrespondingSourceObject: {fileID: 0}
  m_PrefabInstance: {fileID: 0}
  m_PrefabAsset: {fileID: 0}
  m_GameObject: {fileID: 3981639633390018793}
  m_LocalRotation: {x: -0, y: -0, z: -0, w: 1}
  m_LocalPosition: {x: 0, y: 0, z: 0}
  m_LocalScale: {x: 1, y: 1, z: 1}
  m_ConstrainProportionsScale: 0
  m_Children:
  - {fileID: 8824002409132867812}
  m_Father: {fileID: 4371610550135295009}
  m_RootOrder: 0
  m_LocalEulerAnglesHint: {x: 0, y: 0, z: 0}
  m_AnchorMin: {x: 0, y: 0}
  m_AnchorMax: {x: 1, y: 1}
  m_AnchoredPosition: {x: 0, y: 0}
  m_SizeDelta: {x: 0, y: 0}
  m_Pivot: {x: 0, y: 1}
--- !u!222 &6902291299133062437
CanvasRenderer:
  m_ObjectHideFlags: 0
  m_CorrespondingSourceObject: {fileID: 0}
  m_PrefabInstance: {fileID: 0}
  m_PrefabAsset: {fileID: 0}
  m_GameObject: {fileID: 3981639633390018793}
  m_CullTransparentMesh: 1
--- !u!114 &3215861600387189798
MonoBehaviour:
  m_ObjectHideFlags: 0
  m_CorrespondingSourceObject: {fileID: 0}
  m_PrefabInstance: {fileID: 0}
  m_PrefabAsset: {fileID: 0}
  m_GameObject: {fileID: 3981639633390018793}
  m_Enabled: 1
  m_EditorHideFlags: 0
  m_Script: {fileID: 11500000, guid: 3312d7739989d2b4e91e6319e9a96d76, type: 3}
  m_Name: 
  m_EditorClassIdentifier: 
  m_Padding: {x: 5, y: 0, z: 5, w: 0}
  m_Softness: {x: 100, y: 0}
--- !u!1 &4148535378676159149
GameObject:
  m_ObjectHideFlags: 0
  m_CorrespondingSourceObject: {fileID: 0}
  m_PrefabInstance: {fileID: 0}
  m_PrefabAsset: {fileID: 0}
  serializedVersion: 6
  m_Component:
  - component: {fileID: 4804737858831113804}
  - component: {fileID: 121383903199011415}
  - component: {fileID: 1952047212031879975}
  m_Layer: 5
  m_Name: Content
  m_TagString: Untagged
  m_Icon: {fileID: 0}
  m_NavMeshLayer: 0
  m_StaticEditorFlags: 0
  m_IsActive: 1
--- !u!224 &4804737858831113804
RectTransform:
  m_ObjectHideFlags: 0
  m_CorrespondingSourceObject: {fileID: 0}
  m_PrefabInstance: {fileID: 0}
  m_PrefabAsset: {fileID: 0}
  m_GameObject: {fileID: 4148535378676159149}
  m_LocalRotation: {x: -0, y: -0, z: -0, w: 1}
  m_LocalPosition: {x: 0, y: 0, z: 0}
  m_LocalScale: {x: 1, y: 1, z: 1}
  m_ConstrainProportionsScale: 0
  m_Children:
  - {fileID: 3870662026923240153}
  - {fileID: 6556586598812564829}
  - {fileID: 8612073132508464166}
  - {fileID: 1464152233970830078}
  - {fileID: 6759775377945383232}
  m_Father: {fileID: 881873550062405800}
  m_RootOrder: 0
  m_LocalEulerAnglesHint: {x: 0, y: 0, z: 0}
  m_AnchorMin: {x: 0, y: 0}
  m_AnchorMax: {x: 0, y: 1}
  m_AnchoredPosition: {x: 0, y: 0}
  m_SizeDelta: {x: 0, y: 0}
  m_Pivot: {x: 0, y: 0.5}
--- !u!114 &121383903199011415
MonoBehaviour:
  m_ObjectHideFlags: 0
  m_CorrespondingSourceObject: {fileID: 0}
  m_PrefabInstance: {fileID: 0}
  m_PrefabAsset: {fileID: 0}
  m_GameObject: {fileID: 4148535378676159149}
  m_Enabled: 1
  m_EditorHideFlags: 0
  m_Script: {fileID: 11500000, guid: 30649d3a9faa99c48a7b1166b86bf2a0, type: 3}
  m_Name: 
  m_EditorClassIdentifier: 
  m_Padding:
    m_Left: 67
    m_Right: 67
    m_Top: 15
    m_Bottom: 0
  m_ChildAlignment: 0
  m_Spacing: 14
  m_ChildForceExpandWidth: 0
  m_ChildForceExpandHeight: 0
  m_ChildControlWidth: 0
  m_ChildControlHeight: 0
  m_ChildScaleWidth: 0
  m_ChildScaleHeight: 0
  m_ReverseArrangement: 0
--- !u!114 &1952047212031879975
MonoBehaviour:
  m_ObjectHideFlags: 0
  m_CorrespondingSourceObject: {fileID: 0}
  m_PrefabInstance: {fileID: 0}
  m_PrefabAsset: {fileID: 0}
  m_GameObject: {fileID: 4148535378676159149}
  m_Enabled: 1
  m_EditorHideFlags: 0
  m_Script: {fileID: 11500000, guid: 3245ec927659c4140ac4f8d17403cc18, type: 3}
  m_Name: 
  m_EditorClassIdentifier: 
  m_HorizontalFit: 2
  m_VerticalFit: 0
--- !u!1 &4636403533182692360
GameObject:
  m_ObjectHideFlags: 0
  m_CorrespondingSourceObject: {fileID: 0}
  m_PrefabInstance: {fileID: 0}
  m_PrefabAsset: {fileID: 0}
  serializedVersion: 6
  m_Component:
  - component: {fileID: 8824002409132867812}
  - component: {fileID: 8873433116360912679}
  - component: {fileID: 9151914657215369594}
  m_Layer: 5
  m_Name: Content
  m_TagString: Untagged
  m_Icon: {fileID: 0}
  m_NavMeshLayer: 0
  m_StaticEditorFlags: 0
  m_IsActive: 1
--- !u!224 &8824002409132867812
RectTransform:
  m_ObjectHideFlags: 0
  m_CorrespondingSourceObject: {fileID: 0}
  m_PrefabInstance: {fileID: 0}
  m_PrefabAsset: {fileID: 0}
  m_GameObject: {fileID: 4636403533182692360}
  m_LocalRotation: {x: -0, y: -0, z: -0, w: 1}
  m_LocalPosition: {x: 0, y: 0, z: 0}
  m_LocalScale: {x: 1, y: 1, z: 1}
  m_ConstrainProportionsScale: 0
  m_Children:
  - {fileID: 6315981083052759632}
  - {fileID: 7154438934490714491}
  - {fileID: 6974563263605395414}
  - {fileID: 7514593145458224909}
  - {fileID: 8619367658621207549}
  - {fileID: 288684481614271376}
  m_Father: {fileID: 6752478828493476189}
  m_RootOrder: 0
  m_LocalEulerAnglesHint: {x: 0, y: 0, z: 0}
  m_AnchorMin: {x: 0, y: 0}
  m_AnchorMax: {x: 0, y: 1}
  m_AnchoredPosition: {x: 0, y: 0}
  m_SizeDelta: {x: 0, y: 0}
  m_Pivot: {x: 0, y: 0.5}
--- !u!114 &8873433116360912679
MonoBehaviour:
  m_ObjectHideFlags: 0
  m_CorrespondingSourceObject: {fileID: 0}
  m_PrefabInstance: {fileID: 0}
  m_PrefabAsset: {fileID: 0}
  m_GameObject: {fileID: 4636403533182692360}
  m_Enabled: 1
  m_EditorHideFlags: 0
  m_Script: {fileID: 11500000, guid: 30649d3a9faa99c48a7b1166b86bf2a0, type: 3}
  m_Name: 
  m_EditorClassIdentifier: 
  m_Padding:
    m_Left: 70
    m_Right: 70
    m_Top: 26
    m_Bottom: 0
  m_ChildAlignment: 0
  m_Spacing: 20
  m_ChildForceExpandWidth: 0
  m_ChildForceExpandHeight: 0
  m_ChildControlWidth: 0
  m_ChildControlHeight: 0
  m_ChildScaleWidth: 0
  m_ChildScaleHeight: 0
  m_ReverseArrangement: 0
--- !u!114 &9151914657215369594
MonoBehaviour:
  m_ObjectHideFlags: 0
  m_CorrespondingSourceObject: {fileID: 0}
  m_PrefabInstance: {fileID: 0}
  m_PrefabAsset: {fileID: 0}
  m_GameObject: {fileID: 4636403533182692360}
  m_Enabled: 1
  m_EditorHideFlags: 0
  m_Script: {fileID: 11500000, guid: 3245ec927659c4140ac4f8d17403cc18, type: 3}
  m_Name: 
  m_EditorClassIdentifier: 
  m_HorizontalFit: 2
  m_VerticalFit: 0
--- !u!1 &8547377976184311569
GameObject:
  m_ObjectHideFlags: 0
  m_CorrespondingSourceObject: {fileID: 0}
  m_PrefabInstance: {fileID: 0}
  m_PrefabAsset: {fileID: 0}
  serializedVersion: 6
  m_Component:
  - component: {fileID: 8547377976184311570}
  - component: {fileID: 8357917308229288811}
  - component: {fileID: 2350695874936159815}
  - component: {fileID: 8360982989178397399}
  m_Layer: 5
  m_Name: UICampaignScreen
  m_TagString: Untagged
  m_Icon: {fileID: 0}
  m_NavMeshLayer: 0
  m_StaticEditorFlags: 0
  m_IsActive: 1
--- !u!224 &8547377976184311570
RectTransform:
  m_ObjectHideFlags: 0
  m_CorrespondingSourceObject: {fileID: 0}
  m_PrefabInstance: {fileID: 0}
  m_PrefabAsset: {fileID: 0}
  m_GameObject: {fileID: 8547377976184311569}
  m_LocalRotation: {x: -0, y: -0, z: -0, w: 1}
  m_LocalPosition: {x: 0, y: 0, z: 0}
  m_LocalScale: {x: 1, y: 1, z: 1}
  m_ConstrainProportionsScale: 0
  m_Children:
  - {fileID: 2600569351910961299}
  - {fileID: 195936062125143069}
  - {fileID: 3129217390960810631}
  - {fileID: 4371610550135295009}
  m_Father: {fileID: 0}
  m_RootOrder: 0
  m_LocalEulerAnglesHint: {x: 0, y: 0, z: 0}
  m_AnchorMin: {x: 0, y: 0}
  m_AnchorMax: {x: 1, y: 1}
  m_AnchoredPosition: {x: 0, y: 0}
  m_SizeDelta: {x: 0, y: 0}
  m_Pivot: {x: 0.5, y: 0.5}
--- !u!225 &8357917308229288811
CanvasGroup:
  m_ObjectHideFlags: 0
  m_CorrespondingSourceObject: {fileID: 0}
  m_PrefabInstance: {fileID: 0}
  m_PrefabAsset: {fileID: 0}
  m_GameObject: {fileID: 8547377976184311569}
  m_Enabled: 1
  m_Alpha: 1
  m_Interactable: 1
  m_BlocksRaycasts: 1
  m_IgnoreParentGroups: 0
--- !u!114 &2350695874936159815
MonoBehaviour:
  m_ObjectHideFlags: 0
  m_CorrespondingSourceObject: {fileID: 0}
  m_PrefabInstance: {fileID: 0}
  m_PrefabAsset: {fileID: 0}
  m_GameObject: {fileID: 8547377976184311569}
  m_Enabled: 1
  m_EditorHideFlags: 0
  m_Script: {fileID: 11500000, guid: 1200ca0655165c94d8318e153f8566c8, type: 3}
  m_Name: 
  m_EditorClassIdentifier: 
  _closeButton: {fileID: 7848675818011946196}
  _titleDescription: {fileID: 2254666377503593825}
  _phaseCardsContainer: {fileID: 4804737858831113804}
  _regionsCardsContainer: {fileID: 8824002409132867812}
  _phaseCardPrefab: {fileID: 1003718516303721443, guid: 33681c0a23362dc468339494a40b6eff, type: 3}
  _regionCardPrefab: {fileID: 2173090659520301360, guid: e29213fbf5073f743983c065b441189d, type: 3}
  _campaignRoster: {fileID: 11400000, guid: da1fb075fd69c5844a722b9def023796, type: 2}
  _campaignState: {fileID: 11400000, guid: b6bd59fb1f1915e4abdebda04bf2b5d0, type: 2}
--- !u!114 &8360982989178397399
MonoBehaviour:
  m_ObjectHideFlags: 0
  m_CorrespondingSourceObject: {fileID: 0}
  m_PrefabInstance: {fileID: 0}
  m_PrefabAsset: {fileID: 0}
  m_GameObject: {fileID: 8547377976184311569}
  m_Enabled: 1
  m_EditorHideFlags: 0
  m_Script: {fileID: 11500000, guid: 5fbeaaf9700f4440826fca1e0133365c, type: 3}
  m_Name: 
  m_EditorClassIdentifier: 
  _canvasGroup: {fileID: 8357917308229288811}
  _transitionDuration: 0.1
  _startFromCurrent: 0
--- !u!1 &8820454226225708028
GameObject:
  m_ObjectHideFlags: 0
  m_CorrespondingSourceObject: {fileID: 0}
  m_PrefabInstance: {fileID: 0}
  m_PrefabAsset: {fileID: 0}
  serializedVersion: 6
  m_Component:
  - component: {fileID: 4371610550135295009}
  - component: {fileID: 1125792130904411822}
  - component: {fileID: 1231394368623773600}
  - component: {fileID: 234103688885764967}
  m_Layer: 5
  m_Name: RegionsScrollView
  m_TagString: Untagged
  m_Icon: {fileID: 0}
  m_NavMeshLayer: 0
  m_StaticEditorFlags: 0
  m_IsActive: 1
--- !u!224 &4371610550135295009
RectTransform:
  m_ObjectHideFlags: 0
  m_CorrespondingSourceObject: {fileID: 0}
  m_PrefabInstance: {fileID: 0}
  m_PrefabAsset: {fileID: 0}
  m_GameObject: {fileID: 8820454226225708028}
  m_LocalRotation: {x: 0, y: 0, z: 0, w: 1}
  m_LocalPosition: {x: 0, y: 0, z: 0}
  m_LocalScale: {x: 1, y: 1, z: 1}
  m_ConstrainProportionsScale: 0
  m_Children:
  - {fileID: 6752478828493476189}
  m_Father: {fileID: 8547377976184311570}
  m_RootOrder: 3
  m_LocalEulerAnglesHint: {x: 0, y: 0, z: 0}
  m_AnchorMin: {x: 0, y: 0.5}
  m_AnchorMax: {x: 1, y: 0.5}
  m_AnchoredPosition: {x: 0, y: -342}
  m_SizeDelta: {x: 0, y: 200}
  m_Pivot: {x: 0.5, y: 0.5}
--- !u!222 &1125792130904411822
CanvasRenderer:
  m_ObjectHideFlags: 0
  m_CorrespondingSourceObject: {fileID: 0}
  m_PrefabInstance: {fileID: 0}
  m_PrefabAsset: {fileID: 0}
  m_GameObject: {fileID: 8820454226225708028}
  m_CullTransparentMesh: 1
--- !u!114 &1231394368623773600
MonoBehaviour:
  m_ObjectHideFlags: 0
  m_CorrespondingSourceObject: {fileID: 0}
  m_PrefabInstance: {fileID: 0}
  m_PrefabAsset: {fileID: 0}
  m_GameObject: {fileID: 8820454226225708028}
  m_Enabled: 1
  m_EditorHideFlags: 0
  m_Script: {fileID: 11500000, guid: fe87c0e1cc204ed48ad3b37840f39efc, type: 3}
  m_Name: 
  m_EditorClassIdentifier: 
  m_Material: {fileID: 0}
  m_Color: {r: 0, g: 0, b: 0, a: 0.69803923}
  m_RaycastTarget: 1
  m_RaycastPadding: {x: 0, y: 0, z: 0, w: 0}
  m_Maskable: 1
  m_OnCullStateChanged:
    m_PersistentCalls:
      m_Calls: []
  m_Sprite: {fileID: 21300000, guid: b90565dfb1ed9654e9efad6f81dba004, type: 3}
  m_Type: 1
  m_PreserveAspect: 0
  m_FillCenter: 1
  m_FillMethod: 4
  m_FillAmount: 1
  m_FillClockwise: 1
  m_FillOrigin: 0
  m_UseSpriteMesh: 0
  m_PixelsPerUnitMultiplier: 1
--- !u!114 &234103688885764967
MonoBehaviour:
  m_ObjectHideFlags: 0
  m_CorrespondingSourceObject: {fileID: 0}
  m_PrefabInstance: {fileID: 0}
  m_PrefabAsset: {fileID: 0}
  m_GameObject: {fileID: 8820454226225708028}
  m_Enabled: 1
  m_EditorHideFlags: 0
  m_Script: {fileID: 11500000, guid: 1aa08ab6e0800fa44ae55d278d1423e3, type: 3}
  m_Name: 
  m_EditorClassIdentifier: 
  m_Content: {fileID: 8824002409132867812}
  m_Horizontal: 1
  m_Vertical: 0
  m_MovementType: 2
  m_Elasticity: 0.1
  m_Inertia: 1
  m_DecelerationRate: 0.135
  m_ScrollSensitivity: 1
  m_Viewport: {fileID: 6752478828493476189}
  m_HorizontalScrollbar: {fileID: 0}
  m_VerticalScrollbar: {fileID: 0}
  m_HorizontalScrollbarVisibility: 2
  m_VerticalScrollbarVisibility: 2
  m_HorizontalScrollbarSpacing: -3
  m_VerticalScrollbarSpacing: -3
  m_OnValueChanged:
    m_PersistentCalls:
      m_Calls: []
--- !u!1001 &373015804462737227
PrefabInstance:
  m_ObjectHideFlags: 0
  serializedVersion: 2
  m_Modification:
    m_TransformParent: {fileID: 8824002409132867812}
    m_Modifications:
    - target: {fileID: 6347575332029942694, guid: e29213fbf5073f743983c065b441189d, type: 3}
      propertyPath: m_Name
      value: UIRegionCard (4)
      objectReference: {fileID: 0}
    - target: {fileID: 6347575332029942694, guid: e29213fbf5073f743983c065b441189d, type: 3}
      propertyPath: m_IsActive
      value: 0
      objectReference: {fileID: 0}
    - target: {fileID: 8248154309086921172, guid: e29213fbf5073f743983c065b441189d, type: 3}
      propertyPath: m_IsActive
      value: 0
      objectReference: {fileID: 0}
    - target: {fileID: 8264970434307433654, guid: e29213fbf5073f743983c065b441189d, type: 3}
      propertyPath: m_Pivot.x
      value: 0.5
      objectReference: {fileID: 0}
    - target: {fileID: 8264970434307433654, guid: e29213fbf5073f743983c065b441189d, type: 3}
      propertyPath: m_Pivot.y
      value: 0.5
      objectReference: {fileID: 0}
    - target: {fileID: 8264970434307433654, guid: e29213fbf5073f743983c065b441189d, type: 3}
      propertyPath: m_RootOrder
      value: 4
      objectReference: {fileID: 0}
    - target: {fileID: 8264970434307433654, guid: e29213fbf5073f743983c065b441189d, type: 3}
      propertyPath: m_AnchorMax.x
      value: 0
      objectReference: {fileID: 0}
    - target: {fileID: 8264970434307433654, guid: e29213fbf5073f743983c065b441189d, type: 3}
      propertyPath: m_AnchorMax.y
      value: 1
      objectReference: {fileID: 0}
    - target: {fileID: 8264970434307433654, guid: e29213fbf5073f743983c065b441189d, type: 3}
      propertyPath: m_AnchorMin.x
      value: 0
      objectReference: {fileID: 0}
    - target: {fileID: 8264970434307433654, guid: e29213fbf5073f743983c065b441189d, type: 3}
      propertyPath: m_AnchorMin.y
      value: 1
      objectReference: {fileID: 0}
    - target: {fileID: 8264970434307433654, guid: e29213fbf5073f743983c065b441189d, type: 3}
      propertyPath: m_SizeDelta.x
      value: 374
      objectReference: {fileID: 0}
    - target: {fileID: 8264970434307433654, guid: e29213fbf5073f743983c065b441189d, type: 3}
      propertyPath: m_SizeDelta.y
      value: 146
      objectReference: {fileID: 0}
    - target: {fileID: 8264970434307433654, guid: e29213fbf5073f743983c065b441189d, type: 3}
      propertyPath: m_LocalPosition.x
      value: 0
      objectReference: {fileID: 0}
    - target: {fileID: 8264970434307433654, guid: e29213fbf5073f743983c065b441189d, type: 3}
      propertyPath: m_LocalPosition.y
      value: 0
      objectReference: {fileID: 0}
    - target: {fileID: 8264970434307433654, guid: e29213fbf5073f743983c065b441189d, type: 3}
      propertyPath: m_LocalPosition.z
      value: 0
      objectReference: {fileID: 0}
    - target: {fileID: 8264970434307433654, guid: e29213fbf5073f743983c065b441189d, type: 3}
      propertyPath: m_LocalRotation.w
      value: 1
      objectReference: {fileID: 0}
    - target: {fileID: 8264970434307433654, guid: e29213fbf5073f743983c065b441189d, type: 3}
      propertyPath: m_LocalRotation.x
      value: 0
      objectReference: {fileID: 0}
    - target: {fileID: 8264970434307433654, guid: e29213fbf5073f743983c065b441189d, type: 3}
      propertyPath: m_LocalRotation.y
      value: 0
      objectReference: {fileID: 0}
    - target: {fileID: 8264970434307433654, guid: e29213fbf5073f743983c065b441189d, type: 3}
      propertyPath: m_LocalRotation.z
      value: 0
      objectReference: {fileID: 0}
    - target: {fileID: 8264970434307433654, guid: e29213fbf5073f743983c065b441189d, type: 3}
      propertyPath: m_AnchoredPosition.x
      value: 1833
      objectReference: {fileID: 0}
    - target: {fileID: 8264970434307433654, guid: e29213fbf5073f743983c065b441189d, type: 3}
      propertyPath: m_AnchoredPosition.y
      value: -99
      objectReference: {fileID: 0}
    - target: {fileID: 8264970434307433654, guid: e29213fbf5073f743983c065b441189d, type: 3}
      propertyPath: m_LocalEulerAnglesHint.x
      value: 0
      objectReference: {fileID: 0}
    - target: {fileID: 8264970434307433654, guid: e29213fbf5073f743983c065b441189d, type: 3}
      propertyPath: m_LocalEulerAnglesHint.y
      value: 0
      objectReference: {fileID: 0}
    - target: {fileID: 8264970434307433654, guid: e29213fbf5073f743983c065b441189d, type: 3}
      propertyPath: m_LocalEulerAnglesHint.z
      value: 0
      objectReference: {fileID: 0}
    m_RemovedComponents: []
  m_SourcePrefab: {fileID: 100100000, guid: e29213fbf5073f743983c065b441189d, type: 3}
--- !u!224 &8619367658621207549 stripped
RectTransform:
  m_CorrespondingSourceObject: {fileID: 8264970434307433654, guid: e29213fbf5073f743983c065b441189d, type: 3}
  m_PrefabInstance: {fileID: 373015804462737227}
  m_PrefabAsset: {fileID: 0}
--- !u!1001 &407485789378690812
PrefabInstance:
  m_ObjectHideFlags: 0
  serializedVersion: 2
  m_Modification:
    m_TransformParent: {fileID: 4804737858831113804}
    m_Modifications:
    - target: {fileID: 3463537156754363429, guid: 33681c0a23362dc468339494a40b6eff, type: 3}
      propertyPath: m_Pivot.x
      value: 0.5
      objectReference: {fileID: 0}
    - target: {fileID: 3463537156754363429, guid: 33681c0a23362dc468339494a40b6eff, type: 3}
      propertyPath: m_Pivot.y
      value: 0.5
      objectReference: {fileID: 0}
    - target: {fileID: 3463537156754363429, guid: 33681c0a23362dc468339494a40b6eff, type: 3}
      propertyPath: m_RootOrder
      value: 0
      objectReference: {fileID: 0}
    - target: {fileID: 3463537156754363429, guid: 33681c0a23362dc468339494a40b6eff, type: 3}
      propertyPath: m_AnchorMax.x
      value: 0
      objectReference: {fileID: 0}
    - target: {fileID: 3463537156754363429, guid: 33681c0a23362dc468339494a40b6eff, type: 3}
      propertyPath: m_AnchorMax.y
      value: 1
      objectReference: {fileID: 0}
    - target: {fileID: 3463537156754363429, guid: 33681c0a23362dc468339494a40b6eff, type: 3}
      propertyPath: m_AnchorMin.x
      value: 0
      objectReference: {fileID: 0}
    - target: {fileID: 3463537156754363429, guid: 33681c0a23362dc468339494a40b6eff, type: 3}
      propertyPath: m_AnchorMin.y
      value: 1
      objectReference: {fileID: 0}
    - target: {fileID: 3463537156754363429, guid: 33681c0a23362dc468339494a40b6eff, type: 3}
      propertyPath: m_SizeDelta.x
      value: 380
      objectReference: {fileID: 0}
    - target: {fileID: 3463537156754363429, guid: 33681c0a23362dc468339494a40b6eff, type: 3}
      propertyPath: m_SizeDelta.y
      value: 604
      objectReference: {fileID: 0}
    - target: {fileID: 3463537156754363429, guid: 33681c0a23362dc468339494a40b6eff, type: 3}
      propertyPath: m_LocalPosition.x
      value: 0
      objectReference: {fileID: 0}
    - target: {fileID: 3463537156754363429, guid: 33681c0a23362dc468339494a40b6eff, type: 3}
      propertyPath: m_LocalPosition.y
      value: 0
      objectReference: {fileID: 0}
    - target: {fileID: 3463537156754363429, guid: 33681c0a23362dc468339494a40b6eff, type: 3}
      propertyPath: m_LocalPosition.z
      value: 0
      objectReference: {fileID: 0}
    - target: {fileID: 3463537156754363429, guid: 33681c0a23362dc468339494a40b6eff, type: 3}
      propertyPath: m_LocalRotation.w
      value: 1
      objectReference: {fileID: 0}
    - target: {fileID: 3463537156754363429, guid: 33681c0a23362dc468339494a40b6eff, type: 3}
      propertyPath: m_LocalRotation.x
      value: -0
      objectReference: {fileID: 0}
    - target: {fileID: 3463537156754363429, guid: 33681c0a23362dc468339494a40b6eff, type: 3}
      propertyPath: m_LocalRotation.y
      value: -0
      objectReference: {fileID: 0}
    - target: {fileID: 3463537156754363429, guid: 33681c0a23362dc468339494a40b6eff, type: 3}
      propertyPath: m_LocalRotation.z
      value: -0
      objectReference: {fileID: 0}
    - target: {fileID: 3463537156754363429, guid: 33681c0a23362dc468339494a40b6eff, type: 3}
      propertyPath: m_AnchoredPosition.x
      value: 257
      objectReference: {fileID: 0}
    - target: {fileID: 3463537156754363429, guid: 33681c0a23362dc468339494a40b6eff, type: 3}
      propertyPath: m_AnchoredPosition.y
      value: -317
      objectReference: {fileID: 0}
    - target: {fileID: 3463537156754363429, guid: 33681c0a23362dc468339494a40b6eff, type: 3}
      propertyPath: m_LocalEulerAnglesHint.x
      value: 0
      objectReference: {fileID: 0}
    - target: {fileID: 3463537156754363429, guid: 33681c0a23362dc468339494a40b6eff, type: 3}
      propertyPath: m_LocalEulerAnglesHint.y
      value: 0
      objectReference: {fileID: 0}
    - target: {fileID: 3463537156754363429, guid: 33681c0a23362dc468339494a40b6eff, type: 3}
      propertyPath: m_LocalEulerAnglesHint.z
      value: 0
      objectReference: {fileID: 0}
    - target: {fileID: 7134637028975749727, guid: 33681c0a23362dc468339494a40b6eff, type: 3}
      propertyPath: m_SizeDelta.x
      value: 89.03
      objectReference: {fileID: 0}
    - target: {fileID: 8323051169054181097, guid: 33681c0a23362dc468339494a40b6eff, type: 3}
      propertyPath: m_Name
      value: UIPhaseCard
      objectReference: {fileID: 0}
    - target: {fileID: 8323051169054181097, guid: 33681c0a23362dc468339494a40b6eff, type: 3}
      propertyPath: m_IsActive
      value: 0
      objectReference: {fileID: 0}
    m_RemovedComponents: []
  m_SourcePrefab: {fileID: 100100000, guid: 33681c0a23362dc468339494a40b6eff, type: 3}
--- !u!224 &3870662026923240153 stripped
RectTransform:
  m_CorrespondingSourceObject: {fileID: 3463537156754363429, guid: 33681c0a23362dc468339494a40b6eff, type: 3}
  m_PrefabInstance: {fileID: 407485789378690812}
  m_PrefabAsset: {fileID: 0}
--- !u!1001 &1066410781398242869
PrefabInstance:
  m_ObjectHideFlags: 0
  serializedVersion: 2
  m_Modification:
    m_TransformParent: {fileID: 8547377976184311570}
    m_Modifications:
    - target: {fileID: 897549190904406568, guid: 4cc1bdd2318200e47bd7766e03b259cb, type: 3}
      propertyPath: m_Pivot.x
      value: 0.5
      objectReference: {fileID: 0}
    - target: {fileID: 897549190904406568, guid: 4cc1bdd2318200e47bd7766e03b259cb, type: 3}
      propertyPath: m_Pivot.y
      value: 1
      objectReference: {fileID: 0}
    - target: {fileID: 897549190904406568, guid: 4cc1bdd2318200e47bd7766e03b259cb, type: 3}
      propertyPath: m_RootOrder
      value: 1
      objectReference: {fileID: 0}
    - target: {fileID: 897549190904406568, guid: 4cc1bdd2318200e47bd7766e03b259cb, type: 3}
      propertyPath: m_AnchorMax.x
      value: 1
      objectReference: {fileID: 0}
    - target: {fileID: 897549190904406568, guid: 4cc1bdd2318200e47bd7766e03b259cb, type: 3}
      propertyPath: m_AnchorMax.y
      value: 1
      objectReference: {fileID: 0}
    - target: {fileID: 897549190904406568, guid: 4cc1bdd2318200e47bd7766e03b259cb, type: 3}
      propertyPath: m_AnchorMin.x
      value: 0
      objectReference: {fileID: 0}
    - target: {fileID: 897549190904406568, guid: 4cc1bdd2318200e47bd7766e03b259cb, type: 3}
      propertyPath: m_AnchorMin.y
      value: 1
      objectReference: {fileID: 0}
    - target: {fileID: 897549190904406568, guid: 4cc1bdd2318200e47bd7766e03b259cb, type: 3}
      propertyPath: m_SizeDelta.x
      value: 0
      objectReference: {fileID: 0}
    - target: {fileID: 897549190904406568, guid: 4cc1bdd2318200e47bd7766e03b259cb, type: 3}
      propertyPath: m_SizeDelta.y
      value: 120
      objectReference: {fileID: 0}
    - target: {fileID: 897549190904406568, guid: 4cc1bdd2318200e47bd7766e03b259cb, type: 3}
      propertyPath: m_LocalPosition.x
      value: 0
      objectReference: {fileID: 0}
    - target: {fileID: 897549190904406568, guid: 4cc1bdd2318200e47bd7766e03b259cb, type: 3}
      propertyPath: m_LocalPosition.y
      value: 0
      objectReference: {fileID: 0}
    - target: {fileID: 897549190904406568, guid: 4cc1bdd2318200e47bd7766e03b259cb, type: 3}
      propertyPath: m_LocalPosition.z
      value: 0
      objectReference: {fileID: 0}
    - target: {fileID: 897549190904406568, guid: 4cc1bdd2318200e47bd7766e03b259cb, type: 3}
      propertyPath: m_LocalRotation.w
      value: 1
      objectReference: {fileID: 0}
    - target: {fileID: 897549190904406568, guid: 4cc1bdd2318200e47bd7766e03b259cb, type: 3}
      propertyPath: m_LocalRotation.x
      value: 0
      objectReference: {fileID: 0}
    - target: {fileID: 897549190904406568, guid: 4cc1bdd2318200e47bd7766e03b259cb, type: 3}
      propertyPath: m_LocalRotation.y
      value: 0
      objectReference: {fileID: 0}
    - target: {fileID: 897549190904406568, guid: 4cc1bdd2318200e47bd7766e03b259cb, type: 3}
      propertyPath: m_LocalRotation.z
      value: 0
      objectReference: {fileID: 0}
    - target: {fileID: 897549190904406568, guid: 4cc1bdd2318200e47bd7766e03b259cb, type: 3}
      propertyPath: m_AnchoredPosition.x
      value: 0
      objectReference: {fileID: 0}
    - target: {fileID: 897549190904406568, guid: 4cc1bdd2318200e47bd7766e03b259cb, type: 3}
      propertyPath: m_AnchoredPosition.y
      value: 0
      objectReference: {fileID: 0}
    - target: {fileID: 897549190904406568, guid: 4cc1bdd2318200e47bd7766e03b259cb, type: 3}
      propertyPath: m_LocalEulerAnglesHint.x
      value: 0
      objectReference: {fileID: 0}
    - target: {fileID: 897549190904406568, guid: 4cc1bdd2318200e47bd7766e03b259cb, type: 3}
      propertyPath: m_LocalEulerAnglesHint.y
      value: 0
      objectReference: {fileID: 0}
    - target: {fileID: 897549190904406568, guid: 4cc1bdd2318200e47bd7766e03b259cb, type: 3}
      propertyPath: m_LocalEulerAnglesHint.z
      value: 0
      objectReference: {fileID: 0}
    - target: {fileID: 1262848389142135636, guid: 4cc1bdd2318200e47bd7766e03b259cb, type: 3}
      propertyPath: m_text
      value: Region name / Phase X
      objectReference: {fileID: 0}
    - target: {fileID: 5081288686830367875, guid: 4cc1bdd2318200e47bd7766e03b259cb, type: 3}
      propertyPath: m_text
      value: CAMPAIGN
      objectReference: {fileID: 0}
    - target: {fileID: 7207347491577159618, guid: 4cc1bdd2318200e47bd7766e03b259cb, type: 3}
      propertyPath: m_SizeDelta.x
      value: 56
      objectReference: {fileID: 0}
    - target: {fileID: 7207347491577159618, guid: 4cc1bdd2318200e47bd7766e03b259cb, type: 3}
      propertyPath: m_SizeDelta.y
      value: 72
      objectReference: {fileID: 0}
    - target: {fileID: 7207347491577159618, guid: 4cc1bdd2318200e47bd7766e03b259cb, type: 3}
      propertyPath: m_AnchoredPosition.x
      value: 57
      objectReference: {fileID: 0}
    - target: {fileID: 7207347491577159618, guid: 4cc1bdd2318200e47bd7766e03b259cb, type: 3}
      propertyPath: m_AnchoredPosition.y
      value: -24
      objectReference: {fileID: 0}
    - target: {fileID: 8443937902559665122, guid: 4cc1bdd2318200e47bd7766e03b259cb, type: 3}
      propertyPath: m_Sprite
      value: 
      objectReference: {fileID: 21300000, guid: 51bdd81c2940be34d925c8af44401f54, type: 3}
    - target: {fileID: 8443937902559665122, guid: 4cc1bdd2318200e47bd7766e03b259cb, type: 3}
      propertyPath: m_Color.b
      value: 1
      objectReference: {fileID: 0}
    - target: {fileID: 8443937902559665122, guid: 4cc1bdd2318200e47bd7766e03b259cb, type: 3}
      propertyPath: m_Color.g
      value: 1
      objectReference: {fileID: 0}
    - target: {fileID: 8443937902559665122, guid: 4cc1bdd2318200e47bd7766e03b259cb, type: 3}
      propertyPath: m_Color.r
      value: 1
      objectReference: {fileID: 0}
    - target: {fileID: 8528397663675815616, guid: 4cc1bdd2318200e47bd7766e03b259cb, type: 3}
      propertyPath: m_Name
      value: UIScreenHeader
      objectReference: {fileID: 0}
    m_RemovedComponents: []
  m_SourcePrefab: {fileID: 100100000, guid: 4cc1bdd2318200e47bd7766e03b259cb, type: 3}
--- !u!224 &195936062125143069 stripped
RectTransform:
  m_CorrespondingSourceObject: {fileID: 897549190904406568, guid: 4cc1bdd2318200e47bd7766e03b259cb, type: 3}
  m_PrefabInstance: {fileID: 1066410781398242869}
  m_PrefabAsset: {fileID: 0}
--- !u!114 &2254666377503593825 stripped
MonoBehaviour:
  m_CorrespondingSourceObject: {fileID: 1262848389142135636, guid: 4cc1bdd2318200e47bd7766e03b259cb, type: 3}
  m_PrefabInstance: {fileID: 1066410781398242869}
  m_PrefabAsset: {fileID: 0}
  m_GameObject: {fileID: 0}
  m_Enabled: 1
  m_EditorHideFlags: 0
  m_Script: {fileID: 11500000, guid: f4688fdb7df04437aeb418b961361dc5, type: 3}
  m_Name: 
  m_EditorClassIdentifier: 
--- !u!114 &7848675818011946196 stripped
MonoBehaviour:
  m_CorrespondingSourceObject: {fileID: 7070862410209262305, guid: 4cc1bdd2318200e47bd7766e03b259cb, type: 3}
  m_PrefabInstance: {fileID: 1066410781398242869}
  m_PrefabAsset: {fileID: 0}
  m_GameObject: {fileID: 0}
  m_Enabled: 1
  m_EditorHideFlags: 0
  m_Script: {fileID: 11500000, guid: 4e29b1a8efbd4b44bb3f3716e73f07ff, type: 3}
  m_Name: 
  m_EditorClassIdentifier: 
--- !u!1001 &1295557420475168205
PrefabInstance:
  m_ObjectHideFlags: 0
  serializedVersion: 2
  m_Modification:
    m_TransformParent: {fileID: 8824002409132867812}
    m_Modifications:
    - target: {fileID: 6347575332029942694, guid: e29213fbf5073f743983c065b441189d, type: 3}
      propertyPath: m_Name
      value: UIRegionCard (1)
      objectReference: {fileID: 0}
    - target: {fileID: 6347575332029942694, guid: e29213fbf5073f743983c065b441189d, type: 3}
      propertyPath: m_IsActive
      value: 0
      objectReference: {fileID: 0}
    - target: {fileID: 8264970434307433654, guid: e29213fbf5073f743983c065b441189d, type: 3}
      propertyPath: m_Pivot.x
      value: 0.5
      objectReference: {fileID: 0}
    - target: {fileID: 8264970434307433654, guid: e29213fbf5073f743983c065b441189d, type: 3}
      propertyPath: m_Pivot.y
      value: 0.5
      objectReference: {fileID: 0}
    - target: {fileID: 8264970434307433654, guid: e29213fbf5073f743983c065b441189d, type: 3}
      propertyPath: m_RootOrder
      value: 1
      objectReference: {fileID: 0}
    - target: {fileID: 8264970434307433654, guid: e29213fbf5073f743983c065b441189d, type: 3}
      propertyPath: m_AnchorMax.x
      value: 0
      objectReference: {fileID: 0}
    - target: {fileID: 8264970434307433654, guid: e29213fbf5073f743983c065b441189d, type: 3}
      propertyPath: m_AnchorMax.y
      value: 1
      objectReference: {fileID: 0}
    - target: {fileID: 8264970434307433654, guid: e29213fbf5073f743983c065b441189d, type: 3}
      propertyPath: m_AnchorMin.x
      value: 0
      objectReference: {fileID: 0}
    - target: {fileID: 8264970434307433654, guid: e29213fbf5073f743983c065b441189d, type: 3}
      propertyPath: m_AnchorMin.y
      value: 1
      objectReference: {fileID: 0}
    - target: {fileID: 8264970434307433654, guid: e29213fbf5073f743983c065b441189d, type: 3}
      propertyPath: m_SizeDelta.x
      value: 374
      objectReference: {fileID: 0}
    - target: {fileID: 8264970434307433654, guid: e29213fbf5073f743983c065b441189d, type: 3}
      propertyPath: m_SizeDelta.y
      value: 146
      objectReference: {fileID: 0}
    - target: {fileID: 8264970434307433654, guid: e29213fbf5073f743983c065b441189d, type: 3}
      propertyPath: m_LocalPosition.x
      value: 0
      objectReference: {fileID: 0}
    - target: {fileID: 8264970434307433654, guid: e29213fbf5073f743983c065b441189d, type: 3}
      propertyPath: m_LocalPosition.y
      value: 0
      objectReference: {fileID: 0}
    - target: {fileID: 8264970434307433654, guid: e29213fbf5073f743983c065b441189d, type: 3}
      propertyPath: m_LocalPosition.z
      value: 0
      objectReference: {fileID: 0}
    - target: {fileID: 8264970434307433654, guid: e29213fbf5073f743983c065b441189d, type: 3}
      propertyPath: m_LocalRotation.w
      value: 1
      objectReference: {fileID: 0}
    - target: {fileID: 8264970434307433654, guid: e29213fbf5073f743983c065b441189d, type: 3}
      propertyPath: m_LocalRotation.x
      value: 0
      objectReference: {fileID: 0}
    - target: {fileID: 8264970434307433654, guid: e29213fbf5073f743983c065b441189d, type: 3}
      propertyPath: m_LocalRotation.y
      value: 0
      objectReference: {fileID: 0}
    - target: {fileID: 8264970434307433654, guid: e29213fbf5073f743983c065b441189d, type: 3}
      propertyPath: m_LocalRotation.z
      value: 0
      objectReference: {fileID: 0}
    - target: {fileID: 8264970434307433654, guid: e29213fbf5073f743983c065b441189d, type: 3}
      propertyPath: m_AnchoredPosition.x
      value: 651
      objectReference: {fileID: 0}
    - target: {fileID: 8264970434307433654, guid: e29213fbf5073f743983c065b441189d, type: 3}
      propertyPath: m_AnchoredPosition.y
      value: -99
      objectReference: {fileID: 0}
    - target: {fileID: 8264970434307433654, guid: e29213fbf5073f743983c065b441189d, type: 3}
      propertyPath: m_LocalEulerAnglesHint.x
      value: 0
      objectReference: {fileID: 0}
    - target: {fileID: 8264970434307433654, guid: e29213fbf5073f743983c065b441189d, type: 3}
      propertyPath: m_LocalEulerAnglesHint.y
      value: 0
      objectReference: {fileID: 0}
    - target: {fileID: 8264970434307433654, guid: e29213fbf5073f743983c065b441189d, type: 3}
      propertyPath: m_LocalEulerAnglesHint.z
      value: 0
      objectReference: {fileID: 0}
    m_RemovedComponents: []
  m_SourcePrefab: {fileID: 100100000, guid: e29213fbf5073f743983c065b441189d, type: 3}
--- !u!224 &7154438934490714491 stripped
RectTransform:
  m_CorrespondingSourceObject: {fileID: 8264970434307433654, guid: e29213fbf5073f743983c065b441189d, type: 3}
  m_PrefabInstance: {fileID: 1295557420475168205}
  m_PrefabAsset: {fileID: 0}
--- !u!1001 &1331291461491125088
PrefabInstance:
  m_ObjectHideFlags: 0
  serializedVersion: 2
  m_Modification:
    m_TransformParent: {fileID: 8824002409132867812}
    m_Modifications:
    - target: {fileID: 6347575332029942694, guid: e29213fbf5073f743983c065b441189d, type: 3}
      propertyPath: m_Name
      value: UIRegionCard (2)
      objectReference: {fileID: 0}
    - target: {fileID: 6347575332029942694, guid: e29213fbf5073f743983c065b441189d, type: 3}
      propertyPath: m_IsActive
      value: 0
      objectReference: {fileID: 0}
    - target: {fileID: 8248154309086921172, guid: e29213fbf5073f743983c065b441189d, type: 3}
      propertyPath: m_IsActive
      value: 0
      objectReference: {fileID: 0}
    - target: {fileID: 8264970434307433654, guid: e29213fbf5073f743983c065b441189d, type: 3}
      propertyPath: m_Pivot.x
      value: 0.5
      objectReference: {fileID: 0}
    - target: {fileID: 8264970434307433654, guid: e29213fbf5073f743983c065b441189d, type: 3}
      propertyPath: m_Pivot.y
      value: 0.5
      objectReference: {fileID: 0}
    - target: {fileID: 8264970434307433654, guid: e29213fbf5073f743983c065b441189d, type: 3}
      propertyPath: m_RootOrder
      value: 2
      objectReference: {fileID: 0}
    - target: {fileID: 8264970434307433654, guid: e29213fbf5073f743983c065b441189d, type: 3}
      propertyPath: m_AnchorMax.x
      value: 0
      objectReference: {fileID: 0}
    - target: {fileID: 8264970434307433654, guid: e29213fbf5073f743983c065b441189d, type: 3}
      propertyPath: m_AnchorMax.y
      value: 1
      objectReference: {fileID: 0}
    - target: {fileID: 8264970434307433654, guid: e29213fbf5073f743983c065b441189d, type: 3}
      propertyPath: m_AnchorMin.x
      value: 0
      objectReference: {fileID: 0}
    - target: {fileID: 8264970434307433654, guid: e29213fbf5073f743983c065b441189d, type: 3}
      propertyPath: m_AnchorMin.y
      value: 1
      objectReference: {fileID: 0}
    - target: {fileID: 8264970434307433654, guid: e29213fbf5073f743983c065b441189d, type: 3}
      propertyPath: m_SizeDelta.x
      value: 374
      objectReference: {fileID: 0}
    - target: {fileID: 8264970434307433654, guid: e29213fbf5073f743983c065b441189d, type: 3}
      propertyPath: m_SizeDelta.y
      value: 146
      objectReference: {fileID: 0}
    - target: {fileID: 8264970434307433654, guid: e29213fbf5073f743983c065b441189d, type: 3}
      propertyPath: m_LocalPosition.x
      value: 0
      objectReference: {fileID: 0}
    - target: {fileID: 8264970434307433654, guid: e29213fbf5073f743983c065b441189d, type: 3}
      propertyPath: m_LocalPosition.y
      value: 0
      objectReference: {fileID: 0}
    - target: {fileID: 8264970434307433654, guid: e29213fbf5073f743983c065b441189d, type: 3}
      propertyPath: m_LocalPosition.z
      value: 0
      objectReference: {fileID: 0}
    - target: {fileID: 8264970434307433654, guid: e29213fbf5073f743983c065b441189d, type: 3}
      propertyPath: m_LocalRotation.w
      value: 1
      objectReference: {fileID: 0}
    - target: {fileID: 8264970434307433654, guid: e29213fbf5073f743983c065b441189d, type: 3}
      propertyPath: m_LocalRotation.x
      value: 0
      objectReference: {fileID: 0}
    - target: {fileID: 8264970434307433654, guid: e29213fbf5073f743983c065b441189d, type: 3}
      propertyPath: m_LocalRotation.y
      value: 0
      objectReference: {fileID: 0}
    - target: {fileID: 8264970434307433654, guid: e29213fbf5073f743983c065b441189d, type: 3}
      propertyPath: m_LocalRotation.z
      value: 0
      objectReference: {fileID: 0}
    - target: {fileID: 8264970434307433654, guid: e29213fbf5073f743983c065b441189d, type: 3}
      propertyPath: m_AnchoredPosition.x
      value: 1045
      objectReference: {fileID: 0}
    - target: {fileID: 8264970434307433654, guid: e29213fbf5073f743983c065b441189d, type: 3}
      propertyPath: m_AnchoredPosition.y
      value: -99
      objectReference: {fileID: 0}
    - target: {fileID: 8264970434307433654, guid: e29213fbf5073f743983c065b441189d, type: 3}
      propertyPath: m_LocalEulerAnglesHint.x
      value: 0
      objectReference: {fileID: 0}
    - target: {fileID: 8264970434307433654, guid: e29213fbf5073f743983c065b441189d, type: 3}
      propertyPath: m_LocalEulerAnglesHint.y
      value: 0
      objectReference: {fileID: 0}
    - target: {fileID: 8264970434307433654, guid: e29213fbf5073f743983c065b441189d, type: 3}
      propertyPath: m_LocalEulerAnglesHint.z
      value: 0
      objectReference: {fileID: 0}
    m_RemovedComponents: []
  m_SourcePrefab: {fileID: 100100000, guid: e29213fbf5073f743983c065b441189d, type: 3}
--- !u!224 &6974563263605395414 stripped
RectTransform:
  m_CorrespondingSourceObject: {fileID: 8264970434307433654, guid: e29213fbf5073f743983c065b441189d, type: 3}
  m_PrefabInstance: {fileID: 1331291461491125088}
  m_PrefabAsset: {fileID: 0}
--- !u!1001 &1943901875419958203
PrefabInstance:
  m_ObjectHideFlags: 0
  serializedVersion: 2
  m_Modification:
    m_TransformParent: {fileID: 8824002409132867812}
    m_Modifications:
    - target: {fileID: 6347575332029942694, guid: e29213fbf5073f743983c065b441189d, type: 3}
      propertyPath: m_Name
      value: UIRegionCard (3)
      objectReference: {fileID: 0}
    - target: {fileID: 6347575332029942694, guid: e29213fbf5073f743983c065b441189d, type: 3}
      propertyPath: m_IsActive
      value: 0
      objectReference: {fileID: 0}
    - target: {fileID: 8248154309086921172, guid: e29213fbf5073f743983c065b441189d, type: 3}
      propertyPath: m_IsActive
      value: 0
      objectReference: {fileID: 0}
    - target: {fileID: 8264970434307433654, guid: e29213fbf5073f743983c065b441189d, type: 3}
      propertyPath: m_Pivot.x
      value: 0.5
      objectReference: {fileID: 0}
    - target: {fileID: 8264970434307433654, guid: e29213fbf5073f743983c065b441189d, type: 3}
      propertyPath: m_Pivot.y
      value: 0.5
      objectReference: {fileID: 0}
    - target: {fileID: 8264970434307433654, guid: e29213fbf5073f743983c065b441189d, type: 3}
      propertyPath: m_RootOrder
      value: 3
      objectReference: {fileID: 0}
    - target: {fileID: 8264970434307433654, guid: e29213fbf5073f743983c065b441189d, type: 3}
      propertyPath: m_AnchorMax.x
      value: 0
      objectReference: {fileID: 0}
    - target: {fileID: 8264970434307433654, guid: e29213fbf5073f743983c065b441189d, type: 3}
      propertyPath: m_AnchorMax.y
      value: 1
      objectReference: {fileID: 0}
    - target: {fileID: 8264970434307433654, guid: e29213fbf5073f743983c065b441189d, type: 3}
      propertyPath: m_AnchorMin.x
      value: 0
      objectReference: {fileID: 0}
    - target: {fileID: 8264970434307433654, guid: e29213fbf5073f743983c065b441189d, type: 3}
      propertyPath: m_AnchorMin.y
      value: 1
      objectReference: {fileID: 0}
    - target: {fileID: 8264970434307433654, guid: e29213fbf5073f743983c065b441189d, type: 3}
      propertyPath: m_SizeDelta.x
      value: 374
      objectReference: {fileID: 0}
    - target: {fileID: 8264970434307433654, guid: e29213fbf5073f743983c065b441189d, type: 3}
      propertyPath: m_SizeDelta.y
      value: 146
      objectReference: {fileID: 0}
    - target: {fileID: 8264970434307433654, guid: e29213fbf5073f743983c065b441189d, type: 3}
      propertyPath: m_LocalPosition.x
      value: 0
      objectReference: {fileID: 0}
    - target: {fileID: 8264970434307433654, guid: e29213fbf5073f743983c065b441189d, type: 3}
      propertyPath: m_LocalPosition.y
      value: 0
      objectReference: {fileID: 0}
    - target: {fileID: 8264970434307433654, guid: e29213fbf5073f743983c065b441189d, type: 3}
      propertyPath: m_LocalPosition.z
      value: 0
      objectReference: {fileID: 0}
    - target: {fileID: 8264970434307433654, guid: e29213fbf5073f743983c065b441189d, type: 3}
      propertyPath: m_LocalRotation.w
      value: 1
      objectReference: {fileID: 0}
    - target: {fileID: 8264970434307433654, guid: e29213fbf5073f743983c065b441189d, type: 3}
      propertyPath: m_LocalRotation.x
      value: 0
      objectReference: {fileID: 0}
    - target: {fileID: 8264970434307433654, guid: e29213fbf5073f743983c065b441189d, type: 3}
      propertyPath: m_LocalRotation.y
      value: 0
      objectReference: {fileID: 0}
    - target: {fileID: 8264970434307433654, guid: e29213fbf5073f743983c065b441189d, type: 3}
      propertyPath: m_LocalRotation.z
      value: 0
      objectReference: {fileID: 0}
    - target: {fileID: 8264970434307433654, guid: e29213fbf5073f743983c065b441189d, type: 3}
      propertyPath: m_AnchoredPosition.x
      value: 1439
      objectReference: {fileID: 0}
    - target: {fileID: 8264970434307433654, guid: e29213fbf5073f743983c065b441189d, type: 3}
      propertyPath: m_AnchoredPosition.y
      value: -99
      objectReference: {fileID: 0}
    - target: {fileID: 8264970434307433654, guid: e29213fbf5073f743983c065b441189d, type: 3}
      propertyPath: m_LocalEulerAnglesHint.x
      value: 0
      objectReference: {fileID: 0}
    - target: {fileID: 8264970434307433654, guid: e29213fbf5073f743983c065b441189d, type: 3}
      propertyPath: m_LocalEulerAnglesHint.y
      value: 0
      objectReference: {fileID: 0}
    - target: {fileID: 8264970434307433654, guid: e29213fbf5073f743983c065b441189d, type: 3}
      propertyPath: m_LocalEulerAnglesHint.z
      value: 0
      objectReference: {fileID: 0}
    m_RemovedComponents: []
  m_SourcePrefab: {fileID: 100100000, guid: e29213fbf5073f743983c065b441189d, type: 3}
--- !u!224 &7514593145458224909 stripped
RectTransform:
  m_CorrespondingSourceObject: {fileID: 8264970434307433654, guid: e29213fbf5073f743983c065b441189d, type: 3}
  m_PrefabInstance: {fileID: 1943901875419958203}
  m_PrefabAsset: {fileID: 0}
--- !u!1001 &2612441837563600603
PrefabInstance:
  m_ObjectHideFlags: 0
  serializedVersion: 2
  m_Modification:
    m_TransformParent: {fileID: 4804737858831113804}
    m_Modifications:
    - target: {fileID: 3463537156754363429, guid: 33681c0a23362dc468339494a40b6eff, type: 3}
      propertyPath: m_Pivot.x
      value: 0.5
      objectReference: {fileID: 0}
    - target: {fileID: 3463537156754363429, guid: 33681c0a23362dc468339494a40b6eff, type: 3}
      propertyPath: m_Pivot.y
      value: 0.5
      objectReference: {fileID: 0}
    - target: {fileID: 3463537156754363429, guid: 33681c0a23362dc468339494a40b6eff, type: 3}
      propertyPath: m_RootOrder
      value: 3
      objectReference: {fileID: 0}
    - target: {fileID: 3463537156754363429, guid: 33681c0a23362dc468339494a40b6eff, type: 3}
      propertyPath: m_AnchorMax.x
      value: 0
      objectReference: {fileID: 0}
    - target: {fileID: 3463537156754363429, guid: 33681c0a23362dc468339494a40b6eff, type: 3}
      propertyPath: m_AnchorMax.y
      value: 1
      objectReference: {fileID: 0}
    - target: {fileID: 3463537156754363429, guid: 33681c0a23362dc468339494a40b6eff, type: 3}
      propertyPath: m_AnchorMin.x
      value: 0
      objectReference: {fileID: 0}
    - target: {fileID: 3463537156754363429, guid: 33681c0a23362dc468339494a40b6eff, type: 3}
      propertyPath: m_AnchorMin.y
      value: 1
      objectReference: {fileID: 0}
    - target: {fileID: 3463537156754363429, guid: 33681c0a23362dc468339494a40b6eff, type: 3}
      propertyPath: m_SizeDelta.x
      value: 380
      objectReference: {fileID: 0}
    - target: {fileID: 3463537156754363429, guid: 33681c0a23362dc468339494a40b6eff, type: 3}
      propertyPath: m_SizeDelta.y
      value: 604
      objectReference: {fileID: 0}
    - target: {fileID: 3463537156754363429, guid: 33681c0a23362dc468339494a40b6eff, type: 3}
      propertyPath: m_LocalPosition.x
      value: 0
      objectReference: {fileID: 0}
    - target: {fileID: 3463537156754363429, guid: 33681c0a23362dc468339494a40b6eff, type: 3}
      propertyPath: m_LocalPosition.y
      value: 0
      objectReference: {fileID: 0}
    - target: {fileID: 3463537156754363429, guid: 33681c0a23362dc468339494a40b6eff, type: 3}
      propertyPath: m_LocalPosition.z
      value: 0
      objectReference: {fileID: 0}
    - target: {fileID: 3463537156754363429, guid: 33681c0a23362dc468339494a40b6eff, type: 3}
      propertyPath: m_LocalRotation.w
      value: 1
      objectReference: {fileID: 0}
    - target: {fileID: 3463537156754363429, guid: 33681c0a23362dc468339494a40b6eff, type: 3}
      propertyPath: m_LocalRotation.x
      value: -0
      objectReference: {fileID: 0}
    - target: {fileID: 3463537156754363429, guid: 33681c0a23362dc468339494a40b6eff, type: 3}
      propertyPath: m_LocalRotation.y
      value: -0
      objectReference: {fileID: 0}
    - target: {fileID: 3463537156754363429, guid: 33681c0a23362dc468339494a40b6eff, type: 3}
      propertyPath: m_LocalRotation.z
      value: -0
      objectReference: {fileID: 0}
    - target: {fileID: 3463537156754363429, guid: 33681c0a23362dc468339494a40b6eff, type: 3}
      propertyPath: m_AnchoredPosition.x
      value: 1439
      objectReference: {fileID: 0}
    - target: {fileID: 3463537156754363429, guid: 33681c0a23362dc468339494a40b6eff, type: 3}
      propertyPath: m_AnchoredPosition.y
      value: -317
      objectReference: {fileID: 0}
    - target: {fileID: 3463537156754363429, guid: 33681c0a23362dc468339494a40b6eff, type: 3}
      propertyPath: m_LocalEulerAnglesHint.x
      value: 0
      objectReference: {fileID: 0}
    - target: {fileID: 3463537156754363429, guid: 33681c0a23362dc468339494a40b6eff, type: 3}
      propertyPath: m_LocalEulerAnglesHint.y
      value: 0
      objectReference: {fileID: 0}
    - target: {fileID: 3463537156754363429, guid: 33681c0a23362dc468339494a40b6eff, type: 3}
      propertyPath: m_LocalEulerAnglesHint.z
      value: 0
      objectReference: {fileID: 0}
    - target: {fileID: 7134637028975749727, guid: 33681c0a23362dc468339494a40b6eff, type: 3}
      propertyPath: m_SizeDelta.x
      value: 89.03
      objectReference: {fileID: 0}
    - target: {fileID: 8323051169054181097, guid: 33681c0a23362dc468339494a40b6eff, type: 3}
      propertyPath: m_Name
      value: UIPhaseCard (3)
      objectReference: {fileID: 0}
    - target: {fileID: 8323051169054181097, guid: 33681c0a23362dc468339494a40b6eff, type: 3}
      propertyPath: m_IsActive
      value: 0
      objectReference: {fileID: 0}
    m_RemovedComponents: []
  m_SourcePrefab: {fileID: 100100000, guid: 33681c0a23362dc468339494a40b6eff, type: 3}
--- !u!224 &1464152233970830078 stripped
RectTransform:
  m_CorrespondingSourceObject: {fileID: 3463537156754363429, guid: 33681c0a23362dc468339494a40b6eff, type: 3}
  m_PrefabInstance: {fileID: 2612441837563600603}
  m_PrefabAsset: {fileID: 0}
--- !u!1001 &2672267933072391910
PrefabInstance:
  m_ObjectHideFlags: 0
  serializedVersion: 2
  m_Modification:
    m_TransformParent: {fileID: 8824002409132867812}
    m_Modifications:
    - target: {fileID: 6347575332029942694, guid: e29213fbf5073f743983c065b441189d, type: 3}
      propertyPath: m_Name
      value: UIRegionCard
      objectReference: {fileID: 0}
    - target: {fileID: 6347575332029942694, guid: e29213fbf5073f743983c065b441189d, type: 3}
      propertyPath: m_IsActive
      value: 0
      objectReference: {fileID: 0}
    - target: {fileID: 8248154309086921172, guid: e29213fbf5073f743983c065b441189d, type: 3}
      propertyPath: m_IsActive
      value: 0
      objectReference: {fileID: 0}
    - target: {fileID: 8264970434307433654, guid: e29213fbf5073f743983c065b441189d, type: 3}
      propertyPath: m_Pivot.x
      value: 0.5
      objectReference: {fileID: 0}
    - target: {fileID: 8264970434307433654, guid: e29213fbf5073f743983c065b441189d, type: 3}
      propertyPath: m_Pivot.y
      value: 0.5
      objectReference: {fileID: 0}
    - target: {fileID: 8264970434307433654, guid: e29213fbf5073f743983c065b441189d, type: 3}
      propertyPath: m_RootOrder
      value: 0
      objectReference: {fileID: 0}
    - target: {fileID: 8264970434307433654, guid: e29213fbf5073f743983c065b441189d, type: 3}
      propertyPath: m_AnchorMax.x
      value: 0
      objectReference: {fileID: 0}
    - target: {fileID: 8264970434307433654, guid: e29213fbf5073f743983c065b441189d, type: 3}
      propertyPath: m_AnchorMax.y
      value: 1
      objectReference: {fileID: 0}
    - target: {fileID: 8264970434307433654, guid: e29213fbf5073f743983c065b441189d, type: 3}
      propertyPath: m_AnchorMin.x
      value: 0
      objectReference: {fileID: 0}
    - target: {fileID: 8264970434307433654, guid: e29213fbf5073f743983c065b441189d, type: 3}
      propertyPath: m_AnchorMin.y
      value: 1
      objectReference: {fileID: 0}
    - target: {fileID: 8264970434307433654, guid: e29213fbf5073f743983c065b441189d, type: 3}
      propertyPath: m_SizeDelta.x
      value: 374
      objectReference: {fileID: 0}
    - target: {fileID: 8264970434307433654, guid: e29213fbf5073f743983c065b441189d, type: 3}
      propertyPath: m_SizeDelta.y
      value: 146
      objectReference: {fileID: 0}
    - target: {fileID: 8264970434307433654, guid: e29213fbf5073f743983c065b441189d, type: 3}
      propertyPath: m_LocalPosition.x
      value: 0
      objectReference: {fileID: 0}
    - target: {fileID: 8264970434307433654, guid: e29213fbf5073f743983c065b441189d, type: 3}
      propertyPath: m_LocalPosition.y
      value: 0
      objectReference: {fileID: 0}
    - target: {fileID: 8264970434307433654, guid: e29213fbf5073f743983c065b441189d, type: 3}
      propertyPath: m_LocalPosition.z
      value: 0
      objectReference: {fileID: 0}
    - target: {fileID: 8264970434307433654, guid: e29213fbf5073f743983c065b441189d, type: 3}
      propertyPath: m_LocalRotation.w
      value: 1
      objectReference: {fileID: 0}
    - target: {fileID: 8264970434307433654, guid: e29213fbf5073f743983c065b441189d, type: 3}
      propertyPath: m_LocalRotation.x
      value: 0
      objectReference: {fileID: 0}
    - target: {fileID: 8264970434307433654, guid: e29213fbf5073f743983c065b441189d, type: 3}
      propertyPath: m_LocalRotation.y
      value: 0
      objectReference: {fileID: 0}
    - target: {fileID: 8264970434307433654, guid: e29213fbf5073f743983c065b441189d, type: 3}
      propertyPath: m_LocalRotation.z
      value: 0
      objectReference: {fileID: 0}
    - target: {fileID: 8264970434307433654, guid: e29213fbf5073f743983c065b441189d, type: 3}
      propertyPath: m_AnchoredPosition.x
      value: 257
      objectReference: {fileID: 0}
    - target: {fileID: 8264970434307433654, guid: e29213fbf5073f743983c065b441189d, type: 3}
      propertyPath: m_AnchoredPosition.y
      value: -99
      objectReference: {fileID: 0}
    - target: {fileID: 8264970434307433654, guid: e29213fbf5073f743983c065b441189d, type: 3}
      propertyPath: m_LocalEulerAnglesHint.x
      value: 0
      objectReference: {fileID: 0}
    - target: {fileID: 8264970434307433654, guid: e29213fbf5073f743983c065b441189d, type: 3}
      propertyPath: m_LocalEulerAnglesHint.y
      value: 0
      objectReference: {fileID: 0}
    - target: {fileID: 8264970434307433654, guid: e29213fbf5073f743983c065b441189d, type: 3}
      propertyPath: m_LocalEulerAnglesHint.z
      value: 0
      objectReference: {fileID: 0}
    m_RemovedComponents: []
  m_SourcePrefab: {fileID: 100100000, guid: e29213fbf5073f743983c065b441189d, type: 3}
--- !u!224 &6315981083052759632 stripped
RectTransform:
  m_CorrespondingSourceObject: {fileID: 8264970434307433654, guid: e29213fbf5073f743983c065b441189d, type: 3}
  m_PrefabInstance: {fileID: 2672267933072391910}
  m_PrefabAsset: {fileID: 0}
--- !u!1001 &5157974329734959107
PrefabInstance:
  m_ObjectHideFlags: 0
  serializedVersion: 2
  m_Modification:
    m_TransformParent: {fileID: 4804737858831113804}
    m_Modifications:
    - target: {fileID: 3463537156754363429, guid: 33681c0a23362dc468339494a40b6eff, type: 3}
      propertyPath: m_Pivot.x
      value: 0.5
      objectReference: {fileID: 0}
    - target: {fileID: 3463537156754363429, guid: 33681c0a23362dc468339494a40b6eff, type: 3}
      propertyPath: m_Pivot.y
      value: 0.5
      objectReference: {fileID: 0}
    - target: {fileID: 3463537156754363429, guid: 33681c0a23362dc468339494a40b6eff, type: 3}
      propertyPath: m_RootOrder
      value: 2
      objectReference: {fileID: 0}
    - target: {fileID: 3463537156754363429, guid: 33681c0a23362dc468339494a40b6eff, type: 3}
      propertyPath: m_AnchorMax.x
      value: 0
      objectReference: {fileID: 0}
    - target: {fileID: 3463537156754363429, guid: 33681c0a23362dc468339494a40b6eff, type: 3}
      propertyPath: m_AnchorMax.y
      value: 1
      objectReference: {fileID: 0}
    - target: {fileID: 3463537156754363429, guid: 33681c0a23362dc468339494a40b6eff, type: 3}
      propertyPath: m_AnchorMin.x
      value: 0
      objectReference: {fileID: 0}
    - target: {fileID: 3463537156754363429, guid: 33681c0a23362dc468339494a40b6eff, type: 3}
      propertyPath: m_AnchorMin.y
      value: 1
      objectReference: {fileID: 0}
    - target: {fileID: 3463537156754363429, guid: 33681c0a23362dc468339494a40b6eff, type: 3}
      propertyPath: m_SizeDelta.x
      value: 380
      objectReference: {fileID: 0}
    - target: {fileID: 3463537156754363429, guid: 33681c0a23362dc468339494a40b6eff, type: 3}
      propertyPath: m_SizeDelta.y
      value: 604
      objectReference: {fileID: 0}
    - target: {fileID: 3463537156754363429, guid: 33681c0a23362dc468339494a40b6eff, type: 3}
      propertyPath: m_LocalPosition.x
      value: 0
      objectReference: {fileID: 0}
    - target: {fileID: 3463537156754363429, guid: 33681c0a23362dc468339494a40b6eff, type: 3}
      propertyPath: m_LocalPosition.y
      value: 0
      objectReference: {fileID: 0}
    - target: {fileID: 3463537156754363429, guid: 33681c0a23362dc468339494a40b6eff, type: 3}
      propertyPath: m_LocalPosition.z
      value: 0
      objectReference: {fileID: 0}
    - target: {fileID: 3463537156754363429, guid: 33681c0a23362dc468339494a40b6eff, type: 3}
      propertyPath: m_LocalRotation.w
      value: 1
      objectReference: {fileID: 0}
    - target: {fileID: 3463537156754363429, guid: 33681c0a23362dc468339494a40b6eff, type: 3}
      propertyPath: m_LocalRotation.x
      value: -0
      objectReference: {fileID: 0}
    - target: {fileID: 3463537156754363429, guid: 33681c0a23362dc468339494a40b6eff, type: 3}
      propertyPath: m_LocalRotation.y
      value: -0
      objectReference: {fileID: 0}
    - target: {fileID: 3463537156754363429, guid: 33681c0a23362dc468339494a40b6eff, type: 3}
      propertyPath: m_LocalRotation.z
      value: -0
      objectReference: {fileID: 0}
    - target: {fileID: 3463537156754363429, guid: 33681c0a23362dc468339494a40b6eff, type: 3}
      propertyPath: m_AnchoredPosition.x
      value: 1045
      objectReference: {fileID: 0}
    - target: {fileID: 3463537156754363429, guid: 33681c0a23362dc468339494a40b6eff, type: 3}
      propertyPath: m_AnchoredPosition.y
      value: -317
      objectReference: {fileID: 0}
    - target: {fileID: 3463537156754363429, guid: 33681c0a23362dc468339494a40b6eff, type: 3}
      propertyPath: m_LocalEulerAnglesHint.x
      value: 0
      objectReference: {fileID: 0}
    - target: {fileID: 3463537156754363429, guid: 33681c0a23362dc468339494a40b6eff, type: 3}
      propertyPath: m_LocalEulerAnglesHint.y
      value: 0
      objectReference: {fileID: 0}
    - target: {fileID: 3463537156754363429, guid: 33681c0a23362dc468339494a40b6eff, type: 3}
      propertyPath: m_LocalEulerAnglesHint.z
      value: 0
      objectReference: {fileID: 0}
    - target: {fileID: 7134637028975749727, guid: 33681c0a23362dc468339494a40b6eff, type: 3}
      propertyPath: m_SizeDelta.x
      value: 89.03
      objectReference: {fileID: 0}
    - target: {fileID: 8323051169054181097, guid: 33681c0a23362dc468339494a40b6eff, type: 3}
      propertyPath: m_Name
      value: UIPhaseCard (2)
      objectReference: {fileID: 0}
    - target: {fileID: 8323051169054181097, guid: 33681c0a23362dc468339494a40b6eff, type: 3}
      propertyPath: m_IsActive
      value: 0
      objectReference: {fileID: 0}
    m_RemovedComponents: []
  m_SourcePrefab: {fileID: 100100000, guid: 33681c0a23362dc468339494a40b6eff, type: 3}
--- !u!224 &8612073132508464166 stripped
RectTransform:
  m_CorrespondingSourceObject: {fileID: 3463537156754363429, guid: 33681c0a23362dc468339494a40b6eff, type: 3}
  m_PrefabInstance: {fileID: 5157974329734959107}
  m_PrefabAsset: {fileID: 0}
--- !u!1001 &7704911794887387512
PrefabInstance:
  m_ObjectHideFlags: 0
  serializedVersion: 2
  m_Modification:
    m_TransformParent: {fileID: 4804737858831113804}
    m_Modifications:
    - target: {fileID: 3463537156754363429, guid: 33681c0a23362dc468339494a40b6eff, type: 3}
      propertyPath: m_Pivot.x
      value: 0.5
      objectReference: {fileID: 0}
    - target: {fileID: 3463537156754363429, guid: 33681c0a23362dc468339494a40b6eff, type: 3}
      propertyPath: m_Pivot.y
      value: 0.5
      objectReference: {fileID: 0}
    - target: {fileID: 3463537156754363429, guid: 33681c0a23362dc468339494a40b6eff, type: 3}
      propertyPath: m_RootOrder
      value: 1
      objectReference: {fileID: 0}
    - target: {fileID: 3463537156754363429, guid: 33681c0a23362dc468339494a40b6eff, type: 3}
      propertyPath: m_AnchorMax.x
      value: 0
      objectReference: {fileID: 0}
    - target: {fileID: 3463537156754363429, guid: 33681c0a23362dc468339494a40b6eff, type: 3}
      propertyPath: m_AnchorMax.y
      value: 1
      objectReference: {fileID: 0}
    - target: {fileID: 3463537156754363429, guid: 33681c0a23362dc468339494a40b6eff, type: 3}
      propertyPath: m_AnchorMin.x
      value: 0
      objectReference: {fileID: 0}
    - target: {fileID: 3463537156754363429, guid: 33681c0a23362dc468339494a40b6eff, type: 3}
      propertyPath: m_AnchorMin.y
      value: 1
      objectReference: {fileID: 0}
    - target: {fileID: 3463537156754363429, guid: 33681c0a23362dc468339494a40b6eff, type: 3}
      propertyPath: m_SizeDelta.x
      value: 380
      objectReference: {fileID: 0}
    - target: {fileID: 3463537156754363429, guid: 33681c0a23362dc468339494a40b6eff, type: 3}
      propertyPath: m_SizeDelta.y
      value: 604
      objectReference: {fileID: 0}
    - target: {fileID: 3463537156754363429, guid: 33681c0a23362dc468339494a40b6eff, type: 3}
      propertyPath: m_LocalPosition.x
      value: 0
      objectReference: {fileID: 0}
    - target: {fileID: 3463537156754363429, guid: 33681c0a23362dc468339494a40b6eff, type: 3}
      propertyPath: m_LocalPosition.y
      value: 0
      objectReference: {fileID: 0}
    - target: {fileID: 3463537156754363429, guid: 33681c0a23362dc468339494a40b6eff, type: 3}
      propertyPath: m_LocalPosition.z
      value: 0
      objectReference: {fileID: 0}
    - target: {fileID: 3463537156754363429, guid: 33681c0a23362dc468339494a40b6eff, type: 3}
      propertyPath: m_LocalRotation.w
      value: 1
      objectReference: {fileID: 0}
    - target: {fileID: 3463537156754363429, guid: 33681c0a23362dc468339494a40b6eff, type: 3}
      propertyPath: m_LocalRotation.x
      value: -0
      objectReference: {fileID: 0}
    - target: {fileID: 3463537156754363429, guid: 33681c0a23362dc468339494a40b6eff, type: 3}
      propertyPath: m_LocalRotation.y
      value: -0
      objectReference: {fileID: 0}
    - target: {fileID: 3463537156754363429, guid: 33681c0a23362dc468339494a40b6eff, type: 3}
      propertyPath: m_LocalRotation.z
      value: -0
      objectReference: {fileID: 0}
    - target: {fileID: 3463537156754363429, guid: 33681c0a23362dc468339494a40b6eff, type: 3}
      propertyPath: m_AnchoredPosition.x
      value: 651
      objectReference: {fileID: 0}
    - target: {fileID: 3463537156754363429, guid: 33681c0a23362dc468339494a40b6eff, type: 3}
      propertyPath: m_AnchoredPosition.y
      value: -317
      objectReference: {fileID: 0}
    - target: {fileID: 3463537156754363429, guid: 33681c0a23362dc468339494a40b6eff, type: 3}
      propertyPath: m_LocalEulerAnglesHint.x
      value: 0
      objectReference: {fileID: 0}
    - target: {fileID: 3463537156754363429, guid: 33681c0a23362dc468339494a40b6eff, type: 3}
      propertyPath: m_LocalEulerAnglesHint.y
      value: 0
      objectReference: {fileID: 0}
    - target: {fileID: 3463537156754363429, guid: 33681c0a23362dc468339494a40b6eff, type: 3}
      propertyPath: m_LocalEulerAnglesHint.z
      value: 0
      objectReference: {fileID: 0}
    - target: {fileID: 7134637028975749727, guid: 33681c0a23362dc468339494a40b6eff, type: 3}
      propertyPath: m_SizeDelta.x
      value: 89.03
      objectReference: {fileID: 0}
    - target: {fileID: 8323051169054181097, guid: 33681c0a23362dc468339494a40b6eff, type: 3}
      propertyPath: m_Name
      value: UIPhaseCard (1)
      objectReference: {fileID: 0}
    - target: {fileID: 8323051169054181097, guid: 33681c0a23362dc468339494a40b6eff, type: 3}
      propertyPath: m_IsActive
      value: 0
      objectReference: {fileID: 0}
    m_RemovedComponents: []
  m_SourcePrefab: {fileID: 100100000, guid: 33681c0a23362dc468339494a40b6eff, type: 3}
--- !u!224 &6556586598812564829 stripped
RectTransform:
  m_CorrespondingSourceObject: {fileID: 3463537156754363429, guid: 33681c0a23362dc468339494a40b6eff, type: 3}
  m_PrefabInstance: {fileID: 7704911794887387512}
  m_PrefabAsset: {fileID: 0}
--- !u!1001 &7917186676033062245
PrefabInstance:
  m_ObjectHideFlags: 0
  serializedVersion: 2
  m_Modification:
    m_TransformParent: {fileID: 4804737858831113804}
    m_Modifications:
    - target: {fileID: 3463537156754363429, guid: 33681c0a23362dc468339494a40b6eff, type: 3}
      propertyPath: m_Pivot.x
      value: 0.5
      objectReference: {fileID: 0}
    - target: {fileID: 3463537156754363429, guid: 33681c0a23362dc468339494a40b6eff, type: 3}
      propertyPath: m_Pivot.y
      value: 0.5
      objectReference: {fileID: 0}
    - target: {fileID: 3463537156754363429, guid: 33681c0a23362dc468339494a40b6eff, type: 3}
      propertyPath: m_RootOrder
      value: 4
      objectReference: {fileID: 0}
    - target: {fileID: 3463537156754363429, guid: 33681c0a23362dc468339494a40b6eff, type: 3}
      propertyPath: m_AnchorMax.x
      value: 0
      objectReference: {fileID: 0}
    - target: {fileID: 3463537156754363429, guid: 33681c0a23362dc468339494a40b6eff, type: 3}
      propertyPath: m_AnchorMax.y
      value: 1
      objectReference: {fileID: 0}
    - target: {fileID: 3463537156754363429, guid: 33681c0a23362dc468339494a40b6eff, type: 3}
      propertyPath: m_AnchorMin.x
      value: 0
      objectReference: {fileID: 0}
    - target: {fileID: 3463537156754363429, guid: 33681c0a23362dc468339494a40b6eff, type: 3}
      propertyPath: m_AnchorMin.y
      value: 1
      objectReference: {fileID: 0}
    - target: {fileID: 3463537156754363429, guid: 33681c0a23362dc468339494a40b6eff, type: 3}
      propertyPath: m_SizeDelta.x
      value: 380
      objectReference: {fileID: 0}
    - target: {fileID: 3463537156754363429, guid: 33681c0a23362dc468339494a40b6eff, type: 3}
      propertyPath: m_SizeDelta.y
      value: 604
      objectReference: {fileID: 0}
    - target: {fileID: 3463537156754363429, guid: 33681c0a23362dc468339494a40b6eff, type: 3}
      propertyPath: m_LocalPosition.x
      value: 0
      objectReference: {fileID: 0}
    - target: {fileID: 3463537156754363429, guid: 33681c0a23362dc468339494a40b6eff, type: 3}
      propertyPath: m_LocalPosition.y
      value: 0
      objectReference: {fileID: 0}
    - target: {fileID: 3463537156754363429, guid: 33681c0a23362dc468339494a40b6eff, type: 3}
      propertyPath: m_LocalPosition.z
      value: 0
      objectReference: {fileID: 0}
    - target: {fileID: 3463537156754363429, guid: 33681c0a23362dc468339494a40b6eff, type: 3}
      propertyPath: m_LocalRotation.w
      value: 1
      objectReference: {fileID: 0}
    - target: {fileID: 3463537156754363429, guid: 33681c0a23362dc468339494a40b6eff, type: 3}
      propertyPath: m_LocalRotation.x
      value: -0
      objectReference: {fileID: 0}
    - target: {fileID: 3463537156754363429, guid: 33681c0a23362dc468339494a40b6eff, type: 3}
      propertyPath: m_LocalRotation.y
      value: -0
      objectReference: {fileID: 0}
    - target: {fileID: 3463537156754363429, guid: 33681c0a23362dc468339494a40b6eff, type: 3}
      propertyPath: m_LocalRotation.z
      value: -0
      objectReference: {fileID: 0}
    - target: {fileID: 3463537156754363429, guid: 33681c0a23362dc468339494a40b6eff, type: 3}
      propertyPath: m_AnchoredPosition.x
      value: 1833
      objectReference: {fileID: 0}
    - target: {fileID: 3463537156754363429, guid: 33681c0a23362dc468339494a40b6eff, type: 3}
      propertyPath: m_AnchoredPosition.y
      value: -317
      objectReference: {fileID: 0}
    - target: {fileID: 3463537156754363429, guid: 33681c0a23362dc468339494a40b6eff, type: 3}
      propertyPath: m_LocalEulerAnglesHint.x
      value: 0
      objectReference: {fileID: 0}
    - target: {fileID: 3463537156754363429, guid: 33681c0a23362dc468339494a40b6eff, type: 3}
      propertyPath: m_LocalEulerAnglesHint.y
      value: 0
      objectReference: {fileID: 0}
    - target: {fileID: 3463537156754363429, guid: 33681c0a23362dc468339494a40b6eff, type: 3}
      propertyPath: m_LocalEulerAnglesHint.z
      value: 0
      objectReference: {fileID: 0}
    - target: {fileID: 7134637028975749727, guid: 33681c0a23362dc468339494a40b6eff, type: 3}
      propertyPath: m_SizeDelta.x
      value: 89.03
      objectReference: {fileID: 0}
    - target: {fileID: 8323051169054181097, guid: 33681c0a23362dc468339494a40b6eff, type: 3}
      propertyPath: m_Name
      value: UIPhaseCard (4)
      objectReference: {fileID: 0}
    - target: {fileID: 8323051169054181097, guid: 33681c0a23362dc468339494a40b6eff, type: 3}
      propertyPath: m_IsActive
      value: 0
      objectReference: {fileID: 0}
    m_RemovedComponents: []
  m_SourcePrefab: {fileID: 100100000, guid: 33681c0a23362dc468339494a40b6eff, type: 3}
--- !u!224 &6759775377945383232 stripped
RectTransform:
  m_CorrespondingSourceObject: {fileID: 3463537156754363429, guid: 33681c0a23362dc468339494a40b6eff, type: 3}
  m_PrefabInstance: {fileID: 7917186676033062245}
  m_PrefabAsset: {fileID: 0}
--- !u!1001 &8553056781596194598
PrefabInstance:
  m_ObjectHideFlags: 0
  serializedVersion: 2
  m_Modification:
    m_TransformParent: {fileID: 8824002409132867812}
    m_Modifications:
    - target: {fileID: 6347575332029942694, guid: e29213fbf5073f743983c065b441189d, type: 3}
      propertyPath: m_Name
      value: UIRegionCard (5)
      objectReference: {fileID: 0}
    - target: {fileID: 6347575332029942694, guid: e29213fbf5073f743983c065b441189d, type: 3}
      propertyPath: m_IsActive
      value: 0
      objectReference: {fileID: 0}
    - target: {fileID: 8248154309086921172, guid: e29213fbf5073f743983c065b441189d, type: 3}
      propertyPath: m_IsActive
      value: 0
      objectReference: {fileID: 0}
    - target: {fileID: 8264970434307433654, guid: e29213fbf5073f743983c065b441189d, type: 3}
      propertyPath: m_Pivot.x
      value: 0.5
      objectReference: {fileID: 0}
    - target: {fileID: 8264970434307433654, guid: e29213fbf5073f743983c065b441189d, type: 3}
      propertyPath: m_Pivot.y
      value: 0.5
      objectReference: {fileID: 0}
    - target: {fileID: 8264970434307433654, guid: e29213fbf5073f743983c065b441189d, type: 3}
      propertyPath: m_RootOrder
      value: 5
      objectReference: {fileID: 0}
    - target: {fileID: 8264970434307433654, guid: e29213fbf5073f743983c065b441189d, type: 3}
      propertyPath: m_AnchorMax.x
      value: 0
      objectReference: {fileID: 0}
    - target: {fileID: 8264970434307433654, guid: e29213fbf5073f743983c065b441189d, type: 3}
      propertyPath: m_AnchorMax.y
      value: 1
      objectReference: {fileID: 0}
    - target: {fileID: 8264970434307433654, guid: e29213fbf5073f743983c065b441189d, type: 3}
      propertyPath: m_AnchorMin.x
      value: 0
      objectReference: {fileID: 0}
    - target: {fileID: 8264970434307433654, guid: e29213fbf5073f743983c065b441189d, type: 3}
      propertyPath: m_AnchorMin.y
      value: 1
      objectReference: {fileID: 0}
    - target: {fileID: 8264970434307433654, guid: e29213fbf5073f743983c065b441189d, type: 3}
      propertyPath: m_SizeDelta.x
      value: 374
      objectReference: {fileID: 0}
    - target: {fileID: 8264970434307433654, guid: e29213fbf5073f743983c065b441189d, type: 3}
      propertyPath: m_SizeDelta.y
      value: 146
      objectReference: {fileID: 0}
    - target: {fileID: 8264970434307433654, guid: e29213fbf5073f743983c065b441189d, type: 3}
      propertyPath: m_LocalPosition.x
      value: 0
      objectReference: {fileID: 0}
    - target: {fileID: 8264970434307433654, guid: e29213fbf5073f743983c065b441189d, type: 3}
      propertyPath: m_LocalPosition.y
      value: 0
      objectReference: {fileID: 0}
    - target: {fileID: 8264970434307433654, guid: e29213fbf5073f743983c065b441189d, type: 3}
      propertyPath: m_LocalPosition.z
      value: 0
      objectReference: {fileID: 0}
    - target: {fileID: 8264970434307433654, guid: e29213fbf5073f743983c065b441189d, type: 3}
      propertyPath: m_LocalRotation.w
      value: 1
      objectReference: {fileID: 0}
    - target: {fileID: 8264970434307433654, guid: e29213fbf5073f743983c065b441189d, type: 3}
      propertyPath: m_LocalRotation.x
      value: 0
      objectReference: {fileID: 0}
    - target: {fileID: 8264970434307433654, guid: e29213fbf5073f743983c065b441189d, type: 3}
      propertyPath: m_LocalRotation.y
      value: 0
      objectReference: {fileID: 0}
    - target: {fileID: 8264970434307433654, guid: e29213fbf5073f743983c065b441189d, type: 3}
      propertyPath: m_LocalRotation.z
      value: 0
      objectReference: {fileID: 0}
    - target: {fileID: 8264970434307433654, guid: e29213fbf5073f743983c065b441189d, type: 3}
      propertyPath: m_AnchoredPosition.x
      value: 2227
      objectReference: {fileID: 0}
    - target: {fileID: 8264970434307433654, guid: e29213fbf5073f743983c065b441189d, type: 3}
      propertyPath: m_AnchoredPosition.y
      value: -99
      objectReference: {fileID: 0}
    - target: {fileID: 8264970434307433654, guid: e29213fbf5073f743983c065b441189d, type: 3}
      propertyPath: m_LocalEulerAnglesHint.x
      value: 0
      objectReference: {fileID: 0}
    - target: {fileID: 8264970434307433654, guid: e29213fbf5073f743983c065b441189d, type: 3}
      propertyPath: m_LocalEulerAnglesHint.y
      value: 0
      objectReference: {fileID: 0}
    - target: {fileID: 8264970434307433654, guid: e29213fbf5073f743983c065b441189d, type: 3}
      propertyPath: m_LocalEulerAnglesHint.z
      value: 0
      objectReference: {fileID: 0}
    m_RemovedComponents: []
  m_SourcePrefab: {fileID: 100100000, guid: e29213fbf5073f743983c065b441189d, type: 3}
--- !u!224 &288684481614271376 stripped
RectTransform:
  m_CorrespondingSourceObject: {fileID: 8264970434307433654, guid: e29213fbf5073f743983c065b441189d, type: 3}
  m_PrefabInstance: {fileID: 8553056781596194598}
  m_PrefabAsset: {fileID: 0}
